 Dungeon Crawl Stone Soup version 0.23-a0-481-g60b89c1 (webtiles) character file.

173 theanonym the Poker (level 5, -3/41 HPs)
             Began as a Mummy Warper on Nov 29, 2018.
             Slain by Eustachio
             ... wielding a +0 rapier of flaming
              (4 damage)
             ... on level 3 of the Dungeon.
             The game lasted 00:05:08 (3375 turns).

theanonym the Poker (Mummy Warper)                  Turns: 3375, Time: 00:05:09

Health: -3/41      AC: 12    Str: 15    XL:     5   Next: 28%
Magic:  9/9        EV:  6    Int: 13    God:
Gold:   172        SH:  0    Dex: 11    Spells: 9/9 levels left

rFire    x . .     SeeInvis .   a - +0 spear
rCold    + . .     Gourm    .   (no shield)
rNeg     + + +     Faith    .   f - +0 chain mail
rPois    ∞         Spirit   .   e - +2 helmet
rElec    .         Reflect  .   (no cloak)
rCorr    .         Harm     .   k - +0 pair of gloves (curse)
MR       .....                  (no boots)
Stlth    ..........             (no amulet)
HPRegen  0.13/turn              (no ring)
MPRegen  0.11/turn              (no ring)

@: no status effects
A: no food or potions, fire vulnerability, cold resistance 1, negative energy
resistance 3, torment resistance, unbreathing
a: no special abilities


Innate Abilities, Weirdness & Mutations

You do not eat or drink.
Your flesh is vulnerable to fire.
You are immune to poison.
Your flesh is cold resistant. (rC+)
You are immune to negative energy. (rN+++)
You are immune to unholy pain and torment.
You can survive without breathing.


   Skills:
 + Level 3.5 Fighting
 * Level 3.9 Polearms
 - Level 0.7 Throwing
 - Level 0.7 Armour
 - Level 1.5 Dodging
 - Level 2.6 Spellcasting
   Level 2.4 Translocations


You had 9 spell levels left.
You didn't know any spells.
Your spell library contained the following spells:

 Spells                   Type           Power        Failure   Level  Hunger
 Blink                    Tloc           N/A          97%         2    N/A
 Shroud of Golubria       Chrm/Tloc      #.........   99%         2    N/A
 Gell's Gravitas          Tloc           #.........   99%         3    N/A
 Lesser Beckoning         Tloc           #.........   99%         3    N/A
 Teleport Other           Tloc           #.......     99%         3    N/A
 Passage of Golubria      Tloc           N/A          100%        4    N/A

Skill      XL: |  1  2  3 |
---------------+----------+-----
Polearms       | 2 3 |  3.9
Fighting       | 3 |  3.5
Throwing       | |  0.7
Armour         | |  0.7
Dodging        | |  1.5
Spellcasting   | |  2.6
Translocations | |  2.4

Action                   |  1- 3 |  4- 6 || total
-------------------------+-------+-------++-------
Melee: Spear             |   156 |   188 ||   344
Throw: Tomahawk          |       |     7 ||     7
  Use: Scroll            |       |     4 ||     4
Armor: Leather armour    |     9 |       ||     9
       Chain mail        |    56 |   189 ||   245
Dodge: Dodged            |    55 |    89 ||   144

Inventory:

Hand Weapons
 a - a +0 spear (weapon)
Missiles
 m - 5 silver tomahawks (quivered)
Armour
 e - a +2 helmet (worn)
   (You found it on level 3 of the Dungeon)
 f - a +0 chain mail (worn)
   (You found it on level 1 of the Dungeon)
 k - a cursed +0 pair of gloves (worn)
   (You found it on level 2 of the Dungeon)
Scrolls
 c - a scroll of enchant weapon
 h - a scroll of amnesia {unknown}
 i - a scroll of teleportation {unknown}
 j - 2 scrolls of immolation
 n - a scroll of remove curse
 y - a scroll of magic mapping
 B - a scroll of blinking


You were on level 3 of the Dungeon.
You were not hungry.

You visited 1 branch of the dungeon, and saw 4 of its levels.

You collected 172 gold pieces.

Dungeon Overview and Level Annotations

Branches:
Dungeon (4/15)
 Temple: D:4-7

Altars:
Elyvilon
Fedhas
Qazlal

Annotations:
D:3 Eustachio
D:4 Dowan, Duvessa, Sigmund

# ####### ......#
#####.###############
## #........##.....##
.######..............##
....##................#
.........(............#
######.........@@.....#
#.........rbr....#
#................#
#..............>.#
##).............##
##.....##.....##
##############


You could see Eustachio, a bat and 2 rats.

Notes
Turn   | Place    | Note
-------+----------+-------------------------------------------
     0 | D:1      | theanonym the Mummy Warper began the quest for the Orb.
     0 | D:1      | Reached XP level 1. HP: 16/16 MP: 4/4
   130 | D:1      | Reached skill level 2 in Polearms
   165 | D:1      | Reached XP level 2. HP: 16/22 MP: 5/5
   989 | D:2      | Found a blossoming altar of Fedhas.
  1002 | D:2      | Reached XP level 3. HP: 27/28 MP: 7/7
  1137 | D:2      | Found a stormy altar of Qazlal.
  1623 | D:3      | Found a white marble altar of Elyvilon.
  1647 | D:3      | HP: 9/28 [orc priest/divine providence (14)]
  1648 | D:3      | Reached skill level 3 in Fighting
  1648 | D:3      | Reached skill level 3 in Polearms
  1648 | D:3      | Reached XP level 4. HP: 12/35 MP: 8/8
  1654 | D:3      | HP: 12/35 [bat (1)]
  1682 | D:3      | HP: 8/35 [adder (3)]
  1691 | D:2      | HP: 4/35 [orc (1)]
  1696 | D:2      | HP: 3/35 [quokka (1)]
  2145 | D:3      | HP: 15/35 [kobold/+0 whip (4)]
  2154 | D:3      | HP: 13/35 [adder (3)]
  2159 | D:3      | HP: 7/35 [adder (3)]
  2164 | D:3      | HP: 7/35 [adder (1)]
  2172 | D:3      | HP: 6/35 [adder (1)]
  2198 | D:2      | HP: 7/35 [orc/+0 war axe (2)]
  2557 | D:3      | Reached XP level 5. HP: 33/41 MP: 9/9
  2970 | D:4      | Noticed Duvessa
  2979 | D:4      | Noticed Dowan
  3029 | D:4      | Noticed Sigmund
  3040 | D:4      | HP: 17/41 [Sigmund/wand of flame (13) (12)]
  3041 | D:4      | HP: 7/41 [Sigmund/+0 scythe (10)]
  3303 | D:4      | Noticed Eustachio
  3337 | D:3      | HP: 20/41 [crimson imp[Eustachio] (2)]
  3343 | D:3      | HP: 7/41 [white imp/puff of frost[Eustachio] (5)]
  3346 | D:3      | HP: 3/41 [rat[Eustachio] (1)]
  3375 | D:3      | HP: 1/41 [Eustachio/+0 rapier of flaming (6)]
  3375 | D:3      | Slain by Eustachio

Vanquished Creatures
  An orc priest (D:3)
  An orc wizard (D:3)
  5 adders
  2 oozes
  An adder skeleton (D:2)
  A worm (D:3)
  3 leopard geckos
  5 orcs (D:2)
  3 giant cockroaches
  4 goblins
  7 hobgoblins
  5 kobolds
  A quokka (D:2)
  A ball python (D:1)
  6 bats
  2 frilled lizards (D:1)
  8 rats
56 creatures vanquished.

Table legend:
 A = Turns spent in this place as a percentage of turns spent in the entire game.
 B = Non-inter-level travel turns spent in this place as a percentage of non-inter-level travel turns spent in the entire game.
 C = Inter-level travel turns spent in this place as a percentage of turns spent in this place.
 D = Turns resting spent in this place as a percentage of non-inter-level travel turns spent in this place.
 E = Turns spent auto-exploring this place as a percentage of non-inter-level travel turns spent in this place.
 F = Non-inter-level travel turns spent in this place divided by the number of levels of this place that you've seen.
                   A       B       C       D       E      F
               +-------+-------+-------+-------+-------+----------------------
         Total | 100.0 | 100.0 |   4.3 |  36.3 |  44.3 | 807.5
       Dungeon | 100.0 | 100.0 |   4.3 |  36.3 |  44.3 | 807.5
               +-------+-------+-------+-------+-------+----------------------
